Map: Disco Bloodbath LE

Players

pHARM - Winner!

  • Race: Zerg Zerg
  • League: Platinum
  • Spawn Location: 3:00

VOD

Have the link to the VOD?

Description

Time

  • Played on: Sept. 29, 2019, 5:35 a.m.
  • Length: 15:28
Show
View Real Time Build Order
Export as new Build Order

pHARM Zerg - Winner!

Build Orders:  

Get SALT Encoding   

  12  0:04  Drone  
  13  0:39  Overlord  
  13  0:40  Overlord  
  13  0:46  Drone  
  14  1:09  Drone  
  15  1:13  Drone  
  16  1:44  Hatchery  
  15  2:22  Drone x3  
  18  2:49  Spawning Pool  
  17  2:52  Drone  
  17  2:54  Drone  
  19  3:17  Drone  
  20  3:45  Extractor  
  19  4:11  Drone x6  
  19  4:17  Queen  
  27  4:33  Overlord x2  
  27  4:53  Drone  
  27  4:58  Queen  
  30  5:21  Pneumatized Carapace  
  30  5:23  Hatchery  
  30  5:28  Drone x6  
  35  5:51  Queen  
  37  6:29  Queen  
  39  6:41  Drone x5  
  39  6:45  Extractor  
  39  6:48  Extractor  
  42  7:01  Drone  
  42  7:07  Drone x3  
  46  7:15  Drone x3  
  49  7:36  Overlord  
  49  8:09  Lair  
  49  8:17  Baneling Nest  
  48  8:25  Evolution Chamber  
  47  9:04  Zergling x2  
  47  9:05  Zergling x20  
  58  9:28  Metabolic Boost  
  58  9:38  Extractor  
  57  9:45  Hydralisk Den  
  56  9:52  Zerg Melee Weapons Level 1  
  56  9:54  Centrifical Hooks  
  56  9:57  Zergling x4  
  58  10:52  Overlord  
  58  10:53  Overlord x7  
  58  12:16  Zergling x28  
  58  12:17  Zergling x4  
  74  12:23  Zergling x4  
  74  12:24  Unknown  
  74  12:25  Zergling x8  
  74  12:26  Zergling x2  
  74  12:27  Zergling x2  
  79  14:04  Unknown  
Tags
 
League
Platinum
Matchup
Co-op
Replay Pack
10.7.19
Add a new tag
Caveats
  • Supply blocks, unpowered buildings, or Contaminate may cause inaccurate times.
  • Supply counts are checked every 10 seconds.